 Dungeon Crawl Stone Soup version 0.17.1-3-g152610e (webtiles) character file.

63 williamiamiam the Shooter (level 3, -9/29 HPs)
             Began as a Centaur Hunter on Mar 30, 2016.
             Killed by nerve-wracking pain
             ... invoked by Grinder
              (13 damage)
             ... while paralysed by Grinder
             ... on level 3 of the Dungeon.
             The game lasted 00:10:44 (1605 turns).

williamiamiam the Shooter (Centaur Hunter)          Turns: 1605, Time: 00:10:44

Health: -9/29      AC:  5    Str: 14    XL:     3   Next: 89%
Magic:  3/3        EV:  1    Int: 10    God:
Gold:   209        SH:  0    Dex: 10    Spells: 0 memorised, 2 levels left

rFire  . . .     SeeInvis .     a - +1 shortbow
rCold  . . .     Clarity  .     c - +0 leather armour
rNeg   . . .     SustAt   .     (shield currently unavailable)
rPois  .         Gourm    .     (no helmet)
rElec  .         Spirit   .     (no cloak)
rCorr  .         Warding  .     i - +0 pair of gloves
rMut   .         Stasis   .     (no barding)
MR     .....                    s - amulet of regeneration
Stlth  +.........               (no ring)
                                (no ring)

@: paralysed, very quick, not resistant to hostile enchantments, very unstealthy
A: hooves 3, deformed body, speed 2, tough skin 3
a: no special abilities


You were on level 3 of the Dungeon.
You were not hungry.

You visited 1 branch of the dungeon, and saw 3 of its levels.

You collected 209 gold pieces.

Inventory:

Hand Weapons
 a - a +1 shortbow (weapon)
 b - a +0 short sword
Missiles
 d - 45 arrows (quivered)
Armour
 c - a +0 leather armour (worn)
 i - a +0 pair of gloves (worn)
Jewellery
 m - an uncursed ring of fire
 s - an amulet of regeneration (around neck)
 v - an uncursed ring of protection from fire {unknown}
Scrolls
 f - 2 scrolls of noise {unknown}
 g - 2 scrolls of random uselessness {unknown}
 h - a scroll of remove curse {unknown}
 j - 2 scrolls of enchant armour {unknown}
 n - a scroll of immolation {unknown}
 q - a scroll of enchant weapon {unknown}
 r - a scroll of blinking {unknown}
 t - a scroll of fear {unknown}
Potions
 k - a potion of curing {unknown}
 l - 2 potions of heal wounds {unknown}
 p - a potion of degeneration {unknown}
Comestibles
 e - 2 bread rations
 o - a slice of pizza
 u - 2 fruits


   Skills:
 - Level 2.2 Fighting
 + Level 6.7 Bows
 - Level 1.8 Dodging
 - Level 0.8 Stealth


You had 2 spell levels left.
You didn't know any spells.

Dungeon Overview and Level Annotations

Branches:
Dungeon (3/15)

Altars:

Annotations:
D:3 Grinder


Innate Abilities, Weirdness & Mutations

You have hooves in place of feet.
Armour fits poorly on your strangely shaped body.
You cover ground very quickly.
You have extremely tough skin (AC +3).


Message History

Press: ? - help, Shift-Dir - straight line, f/p - Grinder
Aim: Grinder (moderately wounded)
Okay, then.
Grinder gestures at you. Pain shoots through your body!
* * * LOW HITPOINT WARNING * * *
Found a stone staircase leading down.
Firing (i - inventory):
d - 46 arrows (quivered)
Press: ? - help, Shift-Dir - straight line, f/p - Grinder
Aim: Grinder (moderately wounded)
You shoot an arrow. The arrow hits Grinder.
Grinder is moderately wounded.
Grinder gestures at you.
You suddenly lose the ability to move!
Grinder gestures at you. Pain shoots through your body!
* * * LOW HITPOINT WARNING * * *
Grinder gestures at you. Pain shoots through your body!
You die...

#>. ... # #.# ## #.### ##.
#... ##.. #..# ##... #..##
.#.... #.@.# ..#.... #K#5#
#..#.... .K.####.#.#
#.##....
.........(########.##....
....###....5...ยง....#....
.. ##########.(.##....
#..[##.... #...###...
###.5.##..


You could see Grinder and a kobold.

Vanquished Creatures
  2 adders
  2 worms
  A giant gecko (D:2)
  An orc (D:3)
  A ball python (D:3)
  3 bats
  3 giant cockroaches
  5 hobgoblins
  3 jackals (D:2)
  A giant newt (D:3)
  7 goblins
  4 kobolds
  5 rats
38 creatures vanquished.

Notes
Turn   | Place    | Note
--------------------------------------------------------------
     0 | D:1      | williamiamiam the Centaur Hunter began the quest for the Orb.
     0 | D:1      | Reached XP level 1. HP: 17/17 MP: 1/1
   238 | D:1      | Reached XP level 2. HP: 22/24 MP: 2/2
   749 | D:2      | Reached skill level 6 in Bows
   990 | D:2      | Reached XP level 3. HP: 29/29 MP: 3/3
  1555 | D:3      | Noticed Grinder
  1585 | D:3      | Paralysed by Grinder for 6 turns
  1601 | D:3      | Paralysed by Grinder for 5 turns
  1605 | D:3      | Killed from afar by Grinder

Action                   || total
-------------------------++-------
 Fire: Shortbow          ||   124
  Use: Scroll            ||     3
  Eat: Chunk             ||     1
